 Dungeon Crawl Stone Soup version 0.26-b1-32-g5d43845318 (webtiles) character file.

Game seed: 10163245608951156756

1721 Borgoz the Skirmisher (level 9, -2/75 HPs)
             Began as a Ghoul Gladiator on Jan 13, 2021.
             Was a Believer of Okawaru.
             Killed from afar by an orc wizard (5 damage)
             ... with a magic dart
             ... on level 8 of the Dungeon.
             The game lasted 00:06:38 (6675 turns).

Borgoz the Skirmisher (Ghoul Gladiator)             Turns: 6675, Time: 00:06:39

Health: -2/75      AC: 10    Str: 19    XL:     9   Next: 4%
Magic:  10/10      EV: 14    Int:  3    God:    Okawaru [**....]
Gold:   358        SH:  0    Dex: 12    Spells: 8/8 levels left

rFire    . . .     SeeInvis .   a - +0 flail
rCold    + + .     Faith    .   (no shield)
rNeg     + + +     Spirit   .   r - +2 leather armour {rC+}
rPois    ∞         Reflect  .   c - +0 helmet
rElec    .         Harm     .   (no cloak)
rCorr    .         Rampage  .   o - +0 pair of gloves
Will     +....                  f - +1 pair of boots
Stlth    +.........             (no amulet)
HPRegen  0.00/turn              q - ring of willpower
MPRegen  0.12/turn              (no ring)

@: no status effects
A: claws 1, cold resistance 1, negative energy resistance 3, inhibited
regeneration, torment resistance, unbreathing
a: Renounce Religion, Heroism


You were on level 8 of the Dungeon.
You worshipped Okawaru.
Okawaru was pleased with you.
You visited 2 branches of the dungeon, and saw 9 of its levels.

You collected 358 gold pieces.

Inventory:

Hand Weapons
 a - a +0 flail (weapon)
Missiles
 d - a throwing net (quivered)
Armour
 c - a +0 helmet (worn)
 f - a +1 pair of boots (worn)
 o - a +0 pair of gloves (worn)
 r - a +2 leather armour of cold resistance (worn)
Jewellery
 q - a ring of willpower (left hand)
Wands
 l - a wand of flame (29)
Scrolls
 b - a scroll of enchant armour
 e - a scroll of magic mapping
 g - 5 scrolls of fear
 h - 3 scrolls of teleportation
 i - a scroll of remove curse
 j - a scroll of identify
 m - a scroll of blinking {unknown}
 n - a scroll of fog {unknown}
 s - a scroll of torment {unknown}
Potions
 k - 2 potions of cancellation
 p - 2 potions of flight
 t - a potion of attraction {unknown}


   Skills:
 * Level 6.2 Fighting
 * Level 5.5 Maces & Flails
 - Level 1.7 Throwing
 * Level 4.6 Armour
 * Level 5.6 Dodging
 + Level 3.4 Invocations


You had 8 spell levels left.
You didn't know any spells.
Your spell library was empty.

Dungeon Overview and Level Annotations

Branches:
Dungeon (8/15)             Temple (1/1) D:4
   Lair: D:8-11

Altars:
Ashenzari
Cheibriados
Dithmenos
Elyvilon
Fedhas
Gozag
Hepliaklqana
Kikubaaqudgha
Makhleb
Okawaru
Qazlal
Ru
Trog
Uskayaw
Wu Jian
Yredelemnul
Zin
The Shining One


Innate Abilities, Weirdness & Mutations

You thrive by killing the living.
You are immune to poison.
You have sharp fingernails.
Your flesh is cold resistant. (rC+)
You are immune to negative energy. (rN+++)
You do not regenerate when monsters are visible.
You are immune to unholy pain and torment.
You can survive without breathing.


Message History

The two-headed ogre barely misses you.
You barely miss the two-headed ogre.
The two-headed ogre is severely wounded.
The orc wizard gestures wildly while chanting.
The orc wizard blinks!
The two-headed ogre misses you.
The two-headed ogre completely misses you.
You hit the two-headed ogre.
The two-headed ogre is almost dead.
An orc comes into view. It is wielding a -3 club.
You closely miss the two-headed ogre.
The two-headed ogre is almost dead.
The two-headed ogre hits you with a +0 giant club.
* * * LOW HITPOINT WARNING * * *
The two-headed ogre hits you with a +0 giant club!
* * * LOW HITPOINT WARNING * * *
The orc hits you with a +0 war axe.
* * * LOW HITPOINT WARNING * * *
The orc wizard casts a spell at you. The magic dart hits you.
You die...

## ...##(# ##..
###........
#...###.o.........
#..[. ............
#.....#...........#
#....#.o...........
#...ooOo.....#....
#..@...........
##........#..##.
#........#.....
##..#..........
#....#<......#
##...#........
#............
#......#......
###....#...###


You could see a two-headed ogre, an orc wizard and 4 orcs.

Vanquished Creatures
  Sigmund (D:6)
  Eustachio (D:5)
  3 sky beasts
  An ice beast (D:5)
  2 centaurs
  2 bullfrogs
  Blork the orc (D:4)
  3 howler monkeys (D:7)
  A quasit (D:7)
  A hound (D:7)
  2 jellies
  2 orc priests (D:5)
  2 bullfrog skeletons
  2 iguanas
  3 orc wizards
  A worker ant (D:6)
  A hound zombie (D:7)
  A hound skeleton (D:7)
  A howler monkey zombie (D:7)
  2 howler monkey skeletons
  5 adders
  3 white imps
  2 ufetubi
  3 dart slugs
  A leopard gecko (D:2)
  15 orcs
  7 bats
  3 giant cockroaches
  A goblin (D:1)
  5 hobgoblins
  3 jackals (D:3)
  2 quokkas
  6 frilled lizards
  4 kobolds
  A quokka skeleton (D:6)
  3 rats
97 creatures vanquished.

Notes
Turn   | Place    | Note
-------+----------+-------------------------------------------
     0 | D:1      | Borgoz the Ghoul Gladiator began the quest for the Orb.
     0 | D:1      | Reached XP level 1. HP: 17/17 MP: 0/0
   197 | D:1      | Reached XP level 2. HP: 25/25 MP: 1/1
   438 | D:2      | Reached skill level 1 in Armour
   569 | D:2      | Reached XP level 3. HP: 30/30 MP: 2/2
  1347 | D:3      | Reached skill level 3 in Fighting
  1347 | D:3      | Reached XP level 4. HP: 38/38 MP: 3/3
  2079 | D:4      | Found a staircase to the Ecumenical Temple.
  2079 | D:4      | Noticed Blork the orc
  2096 | D:4      | Killed Blork the orc
  2097 | D:4      | Reached XP level 5. HP: 26/45 MP: 4/4
  2242 | Temple   | Entered the Ecumenical Temple
  2409 | Temple   | Became a worshipper of Warmaster Okawaru
  2939 | D:5      | Entered Level 5 of the Dungeon
  2952 | D:5      | Noticed an ice beast
  2964 | D:5      | Killed an ice beast
  2965 | D:5      | Reached skill level 1 in Invocations
  2965 | D:5      | Reached XP level 6. HP: 25/52 MP: 5/5
  3177 | D:5      | Reached skill level 4 in Fighting
  3180 | D:5      | Noticed Eustachio
  3643 | D:5      | Noticed a sky beast
  3663 | D:5      | Killed a sky beast
  3664 | D:5      | Reached XP level 7. HP: 35/59 MP: 5/7
  4476 | D:5      | Killed Eustachio
  4476 | D:5      | Reached * piety under Okawaru
  4566 | D:6      | Noticed Sigmund
  4588 | D:6      | Killed Sigmund
  4589 | D:6      | Reached skill level 5 in Fighting
  4720 | D:6      | Reached XP level 8. HP: 61/68 MP: 8/8
  5072 | D:6      | Reached skill level 5 in Dodging
  5080 | D:6      | Reached ** piety under Okawaru
  5081 | D:6      | Reached skill level 5 in Maces & Flails
  5986 | D:7      | Reached skill level 6 in Fighting
  6195 | D:7      | Reached XP level 9. HP: 61/75 MP: 10/10
  6659 | D:8      | Noticed a two-headed ogre
  6675 | D:8      | HP: 3/75 [orc/+0 war axe (1)]
  6675 | D:8      | Killed from afar by an orc wizard

Illustrated notes

Levels and vault maps discovered:
D:1:      dpeg_arrival_simpleton_c, layout_rooms, chequers_garden, minivault_26
D:2:      layout_loops_ring, minmay_pentomino_q2
D:3:      layout_basic
D:4:      layout_basic, minmay_temple_entry_wispy, uniq_blork_the_orc
D:5:      layout_loops_ring, minmay_misc_feat_tower, uniq_eustachio
D:6:      layout_rooms, chequers_serial_rivers_micro_c,
          chequers_decorated_corner, minmay_chambers_of_fives, uniq_sigmund
D:7:      layout_basic
D:8:      layout_cave_pools, led_sif_book, overflow_temple_1_default,
          serial_shops, nicolae_shop_crystal, basic_altar,
          minmay_splitting_lines
Temple:   regret_index_temple_mists

Skill      XL: |  1  2  3  4  5  6  7  8 |
---------------+-------------------------+-----
Maces & Flails | 3 4 5 |  5.5
Armour         | 1 2 3 4 |  4.6
Dodging        | 3 4 5 |  5.6
Fighting       | 3 4 5 6 |  6.2
Invocations    | 1 2 3 |  3.4
Throwing       | |  1.7

Action                   |  1- 3 |  4- 6 |  7- 9 || total
-------------------------+-------+-------+-------++-------
Melee: Flail             |    98 |   114 |   254 ||   466
Throw: Throwing net      |       |     2 |     6 ||     8
  Use: Potion            |     1 |     3 |     4 ||     8
       Scroll            |     5 |     8 |     1 ||    14
 Stab: Sleeping          |     1 |       |     1 ||     2
Armor: Leather armour    |    35 |    29 |   138 ||   202
Dodge: Dodged            |    88 |    66 |   251 ||   405
